 Dungeon Crawl Stone Soup version 0.19.5 (webtiles) character file.

130343 Hybris the Slicer (level 16, -9/125 HPs)
             Began as a Vampire Enchanter on Mar 25, 2017.
             Was an Elder of Dithmenos.
             Hit by a silver javelin thrown by a merfolk javelineer (20 damage)
             ... on level 3 of the Shoals on Mar 26, 2017.
             The game lasted 03:38:14 (49105 turns).

Hybris the Slicer (Vampire Enchanter)              Turns: 49105, Time: 03:38:14

Health: -9/125     AC:  0    Str:  7    XL:     16   Next: 52%
Magic:  0/29       EV: 35    Int: 22    God:    Dithmenos [****..]
Gold:   1892       SH:  0    Dex: 22    Spells: 8 memorised, 13 levels left

rFire  . . .     SeeInvis +     (weapon currently unavailable)
rCold  + . .     Gourm    .     (armour currently unavailable)
rNeg   + + .     Faith    .     (shield currently unavailable)
rPois  +         Spirit   +     (helmet currently unavailable)
rElec  .         Reflect  .     (cloak currently unavailable)
rCorr  .         Harm     .     (gloves currently unavailable)
MR     +....                    (boots currently unavailable)
Stlth  +++++++++.               u - amulet of guardian spirit
                                (ring currently unavailable)
                                (ring currently unavailable)

@: about to teleport, bat-form, flying, regenerating slowly, wreathed by umbra,
very quick
A: fangs 3, see invisible, (fire resistance 0), (unbreathing)
a: End Transformation, Shadow Step, Renounce Religion


You were on level 3 of the Shoals.
You worshipped Dithmenos.
Dithmenos was greatly pleased with you.
You were thirsty.
You were in vampire-bat-form.
You visited 5 branches of the dungeon, and saw 25 of its levels.

You collected 2323 gold pieces.
You spent 431 gold pieces at shops.

Inventory:

Hand Weapons
 o - a +9 short sword of electrocution (melded)
Armour
 q - a +1 pair of gloves (melded)
 y - a +0 cloak (melded)
 Q - a +1 hat of intelligence (melded)
 R - the +5 ring mail of the Thirsty Blessings (melded) {rF+ Stlth+}
   (You found it on level 2 of the Lair of Beasts)

   It protects you from fire.
   It makes you more stealthy.
 T - a +0 pair of boots (melded)
Jewellery
 j - an uncursed ring of poison resistance
 m - an uncursed ring of resist corrosion
 u - an amulet of guardian spirit (around neck)
 w - a +2 ring of protection (melded)
 A - a +1 ring of protection
 O - a ring of stealth (melded)
 P - a +2 amulet of reflection {unknown}
Wands
 g - a wand of slowing (33/48)
 h - a wand of teleportation (3/9)
 p - a wand of acid (6/15)
 G - a wand of polymorph (18/24)
 M - a wand of digging (7/24)
 W - a wand of iceblast (8/15)
 X - a wand of paralysis (15/24)
Scrolls
 b - 2 scrolls of brand weapon
 e - 2 scrolls of recharging
 l - 2 scrolls of amnesia
 n - 6 scrolls of teleportation
 r - a scroll of enchant weapon
 s - 5 scrolls of remove curse
 v - 14 scrolls of identify
 x - 5 scrolls of magic mapping
 B - a scroll of enchant armour
 V - a scroll of fear
Potions
 a - 2 potions of ambrosia
 d - 12 potions of blood
 f - 2 potions of cure mutation
 k - 3 potions of berserk rage
 t - 5 potions of resistance
 z - 3 potions of flight
 C - a potion of magic
 D - a potion of heal wounds
 E - 2 potions of agility
 H - 10 potions of curing
 I - 2 potions of haste
 L - a potion of invisibility
 N - a potion of might
 S - 2 potions of cancellation
Books
 c - a book of Maledictions

   Spells                             Type                      Level
   a - Corona                         Hexes                        1
   b - Ensorcelled Hibernation        Hexes/Ice                    2
   c - Confuse                        Hexes                        3
   d - Tukima's Dance                 Hexes                        3
   e - Dazzling Spray                 Conjuration/Hexes            3
 i - a book of Minor Magic

   Spells                             Type                      Level
   a - Magic Dart                     Conjuration                  1
   b - Blink                          Translocation                2
   c - Call Imp                       Summoning                    2
   d - Repel Missiles                 Charms/Air                   2
   e - Slow                           Hexes                        2
   f - Conjure Flame                  Conjuration/Fire             3
   g - Mephitic Cloud                 Conjuration/Poison/Air       3
 J - a book of Spatial Translocations

   Spells                             Type                      Level
   a - Blink                          Translocation                2
   b - Shroud of Golubria             Charms/Translocation         2
   c - Lesser Beckoning               Translocation                3
   d - Portal Projectile              Translocation                3
   e - Teleport Other                 Translocation                3
   f - Passage of Golubria            Translocation                4
 K - a Fen Folio

   Spells                             Type                      Level
   a - Corpse Rot                     Necromancy                   2
   b - Stone Arrow                    Conjuration/Earth            3
   c - Leda's Liquefaction            Hexes/Earth                  4
   d - Summon Forest                  Summoning/Translocation      5
   e - Hydra Form                     Transmutation                6
   f - Summon Hydra                   Summoning                    7
Miscellaneous
 F - a sack of spiders


   Skills:
 + Level 11.2 Fighting
 - Level 13.9 Short Blades
 - Level 10.0 Armour
 + Level 13.7 Dodging
 - Level 8.3 Stealth
 + Level 9.0 Spellcasting
 - Level 13.3 Hexes
 - Level 7.8 Ice Magic
 + Level 9.0 Invocations


You had 13 spell levels left.
You knew the following spells:

 Your Spells              Type           Power        Failure   Level  Hunger
a - Corona                Hex            ######.      1%          1    None
b - Ensorcelled Hibernat  Hex/Ice        ######       1%          2    None
c - Confuse               Hex            ######..     1%          3    None
d - Tukima's Dance        Hex            ######..     1%          3    None
e - Dazzling Spray        Conj/Hex       #####.       1%          3    None
f - Blink                 Tloc           N/A          12%         2    None
g - Throw Icicle          Conj/Ice       ####....     14%         4    ##.....
h - Slow                  Hex            ######..     1%          2    None


Dungeon Overview and Level Annotations

Branches:
Dungeon (13/15)            Temple (1/1) D:7            Lair (6/6) D:9
 Shoals (3/4) Lair:4       Spider (0/4) Lair:4        Slime (0/5) Lair:6
    Orc (2/2) D:11            Elf (0/3) Orc:2
 Vaults: D:13-14

Altars:
Ashenzari
Dithmenos
Elyvilon
Fedhas
Gozag
Hepliaklqana
Kikubaaqudgha
Makhleb
Nemelex Xobeh
Okawaru
Qazlal
Ru
Trog
Uskayaw
Vehumet
Xom
Yredelemnul
Zin
The Shining One
Beogh

Shops:
D:4 (   D:7 ?   D:8 [   D:10 }   D:11 =   Orc:2 %(*(   Shoals:1 *

Portals:
Trove: D:11 (show abyssal rune of Zot)

Annotations:
D:4 Theodoric's ghost, amateur DDFi
Lair:5 exclusion: 2 oklob plants
Lair:6 tilp's ghost, journeyman MiBe


Innate Abilities, Weirdness & Mutations

You heal slowly.
You have razor-sharp teeth.
You have supernaturally acute eyesight. (SInv)
((You can survive without breathing.))
((Your flesh is heat resistant. (rF+)))


Message History

Your +2 ring of protection melds into your body.
Your +9 short sword of electrocution stops crackling.
You feel stupid. The merfolk closely misses you.
The merfolk throws a tomahawk.
The tomahawk misses you.
You hear a splash.
The merfolk javelineer throws a silver javelin.
The silver javelin barely misses you. The merfolk misses you.
The merfolk completely misses you.
The merfolk javelineer throws a silver javelin.
The silver javelin hits you!! The silver sears you!
* * * LOW HITPOINT WARNING * * *
There is an escape hatch in the ceiling here.
You see here a silver javelin.
The merfolk throws a tomahawk.
The tomahawk hits you!
* * * LOW HITPOINT WARNING * * *
The merfolk completely misses you. x2
The merfolk javelineer throws a silver javelin.
The silver javelin hits you!!
You die...

#≈≈≈≈≈≈≈≈..........((.......≈≈.
#≈≈≈≈≈≈≈≈.........(............
#≈≈≈≈≈≈≈≈.........≈≈≈..(....≈≈≈
#≈≈≈≈≈≈≈≈≈......(≈≈≈≈..≈).≈≈≈≈≈
#≈≈≈≈≈≈≈≈≈≈.(..(≈≈≈≈≈≈..≈≈≈≈≈≈≈
#≈≈≈≈≈≈≈≈≈≈(≈≈(≈≈..≈≈....≈≈≈≈≈≈
#≈≈≈≈≈≈≈≈≈≈≈≈≈≈mm..≈≈....≈≈≈≈≈≈
#≈≈≈≈≈≈≈≈..≈≈.≈≈≈m.≈.m....≈≈≈≈≈
#≈≈≈≈≈≈≈≈≈.≈≈.b≈≈......≈≈≈≈≈≈≈≈
#≈≈≈≈≈≈≈≈≈≈≈.!.≈≈.m....≈≈(≈≈≈≈≈
#≈≈≈≈≈≈≈≈≈.>.#..≈≈≈≈..≈≈≈....≈≈
#≈≈≈≈≈≈≈≈≈≈....≈≈≈≈≈≈≈≈≈≈m....≈
#≈≈≈≈≈≈≈≈≈≈≈..≈≈≈≈≈≈≈≈≈≈≈..##.≈
#≈≈≈≈≈≈≈≈≈≈≈.≈≈≈≈≈≈≈≈≈≈m≈..#..≈
#≈≈≈≈≈≈≈≈≈≈≈≈≈≈≈.≈≈≈≈≈≈m≈......
#≈≈≈≈≈≈≈≈≈≈≈≈≈≈≈≈≈≈≈≈≈m≈≈...m..
#≈≈≈≈≈≈≈≈≈≈≈≈≈≈≈≈.≈≈≈≈≈≈≈≈.....


You could see a merfolk javelineer and 4 merfolk.

Vanquished Creatures
  Gastronok (Lair:2)
  An orc warlord (Orc:2)
  A stone giant (Orc:1)
  The ghost of Hybris the Cruncher, a journeyman DsBe of Trog (Orc:2)
  A dire elephant (Lair:3)
  Snorg (Lair:5)
  A merfolk javelineer (Shoals:2)
  5 merfolk impalers
  12 hydras
  Harold (D:10)
  An alligator snapping turtle (Shoals:2)
  A catoblepas (Lair:5)
  2 merfolk avatars (Shoals:2)
  2 dancing weapons
  A merfolk aquamancer (Shoals:3)
  Erica (D:8)
  A deep troll shaman (Lair:6)
  6 orc high priests
  7 death yaks
  Urug (D:11)
  Nergalle (Lair:1)
  11 sea snakes
  2 unseen horrors
  2 hill giants
  6 orc knights
  8 harpies
  An orb spider (Lair:4)
  3 cyclopes
  11 fauns
  2 ugly things (D:12)
  The ghost of equalderp2856 the Gouger, a novice FeFi (D:9)
  4 manticores
  5 orc sorcerers (Orc:2)
  41 elephants
  Joseph (D:10)
  11 black mambas
  3 gargoyles
  6 water nymphs
  10 sirens
  Psyche (D:10)
  11 spiny frogs
  4 rime drakes
  A freezing wraith (D:11)
  5 komodo dragons
  6 trolls
  3 wind drakes
  11 merfolk
  A hornet (D:10)
  4 two-headed ogres (Orc:2)
  34 blink frogs
  10 dream sheep
  4 polar bears
  15 hippogriffs
  A slime creature (D:11)
  3 snapping turtles
  5 water elementals
  2 wyverns
  35 yaks
  A spriggan (Lair:3)
  A wraith (D:11)
  3 basilisks
  Grum (Lair:1)
  2 hungry ghosts
  3 vampire mosquitoes (D:12)
  4 wargs (Orc:2)
  11 water moccasins
  15 porcupines
  4 sky beasts
  3 ice beasts
  34 orc warriors
  A hornet zombie (D:9)
  An eye of draining (D:11)
  2 phantoms
  4 black bears
  A necrophage (D:8)
  15 ogres
  22 wolves
  9 centaurs
  13 crocodiles
  A big kobold (D:7)
  14 bullfrogs
  A wyvern zombie (D:10)
  2 scorpions
  3 howler monkeys
  6 wights
  2 crimson imps
  2 centaur zombies
  2 quasits
  A bullfrog zombie (D:8)
  9 hounds
  4 centaur skeletons
  9 jellies
  3 bullfrog skeletons
  29 orc priests
  17 orc wizards
  4 iguanas
  4 worker ants
  A killer bee zombie (D:9)
  2 worker ant zombies
  16 gnolls
  17 adders
  3 river rats
  3 shadow imps
  8 oozes
  2 adder skeletons
  An adder zombie (D:7)
  6 worms
  3 dart slugs
  10 leopard geckos
  82 orcs
  16 bats
  6 giant cockroaches
  10 goblins
  12 hobgoblins
  6 jackals
  7 quokkas
  3 frilled lizards (D:2)
  7 kobolds
  A leopard gecko skeleton (D:9)
  9 rats
  4 fungi
  A plant (Lair:5)
832 creatures vanquished.

Vanquished Creatures (collateral kills)
  A merfolk (Shoals:2)
  An orc warrior (D:7)
  5 wights
7 creatures vanquished.

Vanquished Creatures (others)
  A basilisk (Lair:6)
  A dancing weapon (D:4)
  A crocodile (Lair:6)
  A bush (Lair:6)
  94 fungi
  57 plants
155 creatures vanquished.

Grand Total: 994 creatures vanquished

Notes
Turn   | Place    | Note
-------+----------+-------------------------------------------
     0 | D:1      | Hybris the Vampire Enchanter began the quest for the Orb.
     0 | D:1      | Reached XP level 1. HP: 13/13 MP: 3/3
   486 | D:1      | Reached XP level 2. HP: 19/19 MP: 5/5
  1552 | D:1      | Learned a level 2 spell: Ensorcelled Hibernation
  1782 | D:1      | Reached skill level 5 in Hexes
  2090 | D:2      | Reached XP level 3. HP: 23/24 MP: 6/6
  2807 | D:2      | Reached XP level 4. HP: 30/30 MP: 7/7
  3018 | D:2      | Learned a level 3 spell: Confuse
  3284 | D:2      | Reached XP level 5. HP: 11/35 MP: 8/8
  4483 | D:3      | Reached skill level 5 in Stealth
  4996 | D:4      | Noticed Theodoric's ghost (amateur DDFi)
  5110 | D:4      | Found Tafa's Weapon Shop.
  5153 | D:4      | Reached XP level 6. HP: 22/41 MP: 1/9
  5156 | D:4      | Gained mutation: Your flesh is heat resistant. (rF+) [potion of mutation]
  5156 | D:4      | Gained mutation: You have large cloven feet. [potion of mutation]
  5156 | D:4      | Gained mutation: You tend to lose your temper in combat. [potion of mutation]
  5179 | D:5      | Entered Level 5 of the Dungeon
  5686 | D:5      | Learned a level 3 spell: Tukima's Dance
  5690 | D:5      | Reached XP level 7. HP: 46/46 MP: 10/10
  6405 | D:5      | Reached XP level 8. HP: 50/52 MP: 9/11
  8124 | D:6      | Found a hazy altar of Hepliaklqana.
 10071 | D:7      | Found a staircase to the Ecumenical Temple.
 10221 | Temple   | Entered the Ecumenical Temple
 10634 | Temple   | Became a worshipper of Dithmenos the Shadowed
 11608 | D:7      | Reached XP level 9. HP: 57/57 MP: 6/12
 11649 | D:7      | Found Domauv's Magic Scroll Shop.
 12496 | D:7      | Bought a scroll of magic mapping for 52 gold pieces
 12496 | D:7      | Bought a scroll of enchant weapon for 112 gold pieces
 12496 | D:7      | Bought a scroll of identify for 30 gold pieces
 12496 | D:7      | Bought a scroll of teleportation for 45 gold pieces
 12496 | D:7      | Bought a scroll of remove curse for 45 gold pieces
 12496 | D:7      | Bought a scroll of identify for 30 gold pieces
 12496 | D:7      | Bought a scroll of teleportation for 45 gold pieces
 12544 | D:7      | Learned a level 3 spell: Dazzling Spray
 13563 | D:8      | Noticed Joseph
 13921 | D:8      | Found Gewubau's Armour Shop.
 13988 | D:8      | Noticed Erica
 13995 | D:8      | Killed Erica
 14351 | D:9      | Found a staircase to the Lair.
 14368 | D:9      | Reached * piety under Dithmenos
 14417 | D:9      | Noticed equalderp2856's ghost (novice FeFi)
 14706 | D:9      | Reached XP level 10. HP: 63/63 MP: 15/15
 14893 | D:9      | Killed equalderp2856's ghost
 15070 | D:9      | Reached skill level 10 in Hexes
 15684 | D:10     | Entered Level 10 of the Dungeon
 15886 | D:10     | Killed Joseph
 15992 | D:10     | Noticed an unseen horror
 15999 | D:10     | Killed an unseen horror
 16019 | D:10     | Noticed Harold
 16023 | D:10     | Noticed a gargoyle
 16027 | D:10     | Killed Harold
 16027 | D:10     | Reached ** piety under Dithmenos
 16027 | D:10     | Reached skill level 5 in Spellcasting
 16351 | D:10     | Found Begiczer's Gadget Shop.
 16794 | D:10     | Killed a gargoyle
 16938 | D:10     | Noticed a gargoyle
 16941 | D:10     | Reached XP level 11. HP: 68/68 MP: 7/18
 17157 | D:10     | Noticed Psyche
 17499 | D:10     | Killed Psyche
 18413 | D:11     | Found Mir Exuesh's Jewellery Boutique.
 18433 | D:11     | Noticed a six-headed hydra
 18449 | D:11     | Killed a six-headed hydra
 18449 | D:11     | Reached skill level 1 in Fighting
 18551 | D:11     | Noticed a hill giant
 18557 | D:11     | Found a portal to a secret trove of treasure.
 18562 | D:11     | Killed a hill giant
 18618 | D:11     | Noticed Urug
 18621 | D:11     | Noticed a skeletal warrior
 18622 | D:11     | Noticed a death knight
 19265 | D:11     | Found a staircase to the Orcish Mines.
 19944 | D:9      | Noticed a hill giant
 19976 | D:9      | Killed a hill giant
 20210 | Lair:1   | Entered Level 1 of the Lair of Beasts
 20327 | Lair:1   | Learned a level 2 spell: Blink
 20535 | Lair:1   | Noticed Grum
 20551 | Lair:1   | Killed Grum
 20780 | Lair:1   | Noticed an eight-headed hydra
 20792 | Lair:1   | Killed an eight-headed hydra
 20792 | Lair:1   | Reached skill level 1 in Ice Magic
 20897 | Lair:1   | Reached *** piety under Dithmenos
 20897 | Lair:1   | Reached XP level 12. HP: 83/83 MP: 22/22
 20945 | Lair:1   | Noticed a five-headed hydra
 20951 | Lair:1   | Killed a five-headed hydra
 21154 | Lair:1   | Noticed Nergalle
 21176 | Lair:1   | Killed Nergalle
 21523 | Lair:2   | Noticed Gastronok
 22384 | Lair:2   | Killed Gastronok
 22525 | Lair:2   | Found a stormy altar of Qazlal.
 22665 | Lair:2   | Got a scorched ring mail
 22666 | Lair:2   | Identified the +5 ring mail of the Thirsty Blessings {rF+ Stlth+} (You found it on level 2 of the Lair of Beasts)
 22931 | Lair:3   | Noticed an eight-headed hydra
 23176 | Lair:3   | Reached skill level 1 in Armour
 24249 | Lair:2   | Reached XP level 13. HP: 88/88 MP: 21/24
 24969 | Lair:3   | Noticed a dire elephant
 26212 | Lair:3   | Reached **** piety under Dithmenos
 26275 | Lair:3   | Reached skill level 5 in Armour
 26443 | Lair:3   | Reached skill level 5 in Fighting
 27460 | Lair:3   | Killed a dire elephant
 27649 | Lair:4   | Found a staircase to the Shoals.
 28809 | Lair:4   | Found a hole to the Spider Nest.
 30611 | Lair:5   | Noticed Snorg
 30693 | Lair:5   | Got a transparent scale mail
 30701 | Lair:5   | Identified the cursed +1 scale mail of the Teacher {Regen+} (You found it on level 5 of the Lair of Beasts)
 31303 | Lair:5   | Reached ***** piety under Dithmenos
 31309 | Lair:5   | Reached XP level 14. HP: 101/101 MP: 25/25
 32011 | Lair:5   | Killed Snorg
 32383 | Lair:6   | Entered Level 6 of the Lair of Beasts
 32704 | Lair:6   | Learned a level 4 spell: Throw Icicle
 32791 | Lair:6   | Found a staircase to the Slime Pits.
 33578 | Lair:6   | Noticed tilp's ghost (journeyman MiBe)
 34686 | Lair:6   | Reached skill level 10 in Armour
 34729 | Lair:6   | Reached skill level 1 in Invocations
 34731 | Lair:6   | Reached skill level 5 in Ice Magic
 35387 | Lair:6   | Identified a +2 rod of inaccuracy (13/13) (You found it on level 6 of the Lair of Beasts)
 36171 | Lair:6   | Learned a level 2 spell: Slow
 36325 | Lair:6   | Reached XP level 15. HP: 63/113 MP: 15/26
 37010 | Orc:1    | Entered Level 1 of the Orcish Mines
 37896 | Orc:2    | Entered Level 2 of the Orcish Mines
 37907 | Orc:2    | Noticed Hybris's ghost (journeyman DsBe)
 38111 | D:11     | Killed Urug
 38815 | D:12     | Reached skill level 5 in Invocations
 40205 | Orc:2    | Found a roughly hewn altar of Beogh.
 40240 | Orc:2    | Reached ****** piety under Dithmenos
 40323 | Orc:2    | Found Docuth's Food Emporium.
 40440 | Orc:2    | Found Mese's Antique Weapon Shoppe.
 41039 | Orc:2    | Found a staircase to the Elven Halls.
 41202 | Orc:2    | Found Uxewot's General Store.
 41353 | Orc:2    | Noticed an orc warlord
 41400 | Orc:2    | Killed an orc warlord
 41700 | Orc:2    | Found a roughly hewn altar of Beogh.
 42004 | Orc:2    | Reached skill level 10 in Fighting
 42425 | Orc:2    | Found Pycesu's Antique Weapon Shoppe.
 42826 | Orc:2    | Killed Hybris's ghost
 43004 | Orc:2    | Lost mutation: You tend to lose your temper in combat. [potion of cure mutation]
 43004 | Orc:2    | Lost mutation: You have large cloven feet. [potion of cure mutation]
 43530 | Shoals:1 | Entered Level 1 of the Shoals
 44382 | Shoals:1 | Found Lubug's General Store.
 44391 | Shoals:1 | Bought a scroll of identify for 36 gold pieces
 44391 | Shoals:1 | Bought a scroll of identify for 36 gold pieces
 44816 | Shoals:2 | Reached XP level 16. HP: 99/123 MP: 10/28
 47104 | Shoals:2 | Got a steaming chain mail
 47131 | Shoals:2 | Identified the +2 chain mail "Cigaxkop" {rF- rC++ MP+9 Str+4 Int-3} (You found it on level 2 of the Shoals)
 49105 | Shoals:3 | Hit by a silver javelin thrown by a merfolk javelineer

Skill      XL: |  1  2  3  4  5  6  7  8  9 10 11 12 13 14 15 16 |
---------------+-------------------------------------------------+-----
Short Blades   | 2 3 4 11 13 | 13.9
Hexes          | 5 6 9 12 13 | 13.3
Stealth        | 5 6 8 |  8.3
Dodging        | 12 13 | 13.7
Spellcasting   | 3 5 6 7 8 9 |  9.0
Fighting       | 4 6 9 10 11 | 11.2
Ice Magic      | 1 3 5 7 |  7.8
Armour         | 3 8 10 | 10.0
Invocations    | 3 8 9 |  9.0

Action                   |  1- 3 |  4- 6 |  7- 9 | 10-12 | 13-15 | 16-18 || total
-------------------------+-------+-------+-------+-------+-------+-------++-------
Melee: Dagger            |   121 |   215 |   642 |       |       |       ||   978
       Bite              |    18 |     8 |    73 |    57 |   156 |    36 ||   348
       Unarmed           |    33 |       |       |    56 |    20 |       ||   109
       Kick              |       |     1 |   167 |   123 |   186 |       ||   477
       Short sword       |       |       |   175 |   546 |  1645 |   400 ||  2766
 Cast: Corona            |     3 |       |     6 |       |       |       ||     9
       Ensorcelled Hiber |     4 |     4 |    37 |   140 |   255 |    43 ||   483
       Confuse           |       |     2 |    16 |    35 |    39 |     3 ||    95
       Tukima's Dance    |       |       |    10 |     5 |       |     2 ||    17
       Dazzling Spray    |       |       |       |     8 |    22 |     3 ||    33
       Slow              |       |       |       |       |     1 |       ||     1
Invok: Shadow Step       |       |       |       |     2 |     8 |     9 ||    19
 Abil: Bat Form          |     1 |       |     1 |     5 |    11 |     4 ||    22
       End Transformatio |     1 |       |     1 |     5 |    11 |     3 ||    21
Evoke: Wand              |       |       |       |     2 |    14 |       ||    16
  Use: Potion            |     4 |    18 |    18 |    22 |    45 |     9 ||   116
       Scroll            |       |       |       |    12 |    17 |     9 ||    38
 Stab: Sleeping          |    13 |    21 |    37 |    93 |   177 |    32 ||   373
       Distracted        |     1 |       |     1 |     1 |     7 |     2 ||    12
       Confused          |       |     1 |     5 |    24 |    15 |       ||    45
       Invisible         |       |       |       |     1 |     6 |       ||     7
       Petrified         |       |       |       |       |     4 |       ||     4
       Petrifying        |       |       |       |       |     1 |       ||     1
Armor: Robe              |    36 |    50 |    86 |    24 |       |       ||   196
       Ring mail         |       |       |       |    31 |   366 |    85 ||   482
Dodge: Dodged            |    79 |   122 |   522 |   364 |  1002 |   242 ||  2331
